Map: Вечная империя РВ

Players

ИИ 1 (новичок)

  • Race: Protoss Protoss
  • Spawn Location: 7:00

Doll - Winner!

  • Race: Zerg Zerg
  • Spawn Location: 1:00

VOD

Have the link to the VOD?

Description

Time

  • Played on: March 19, 2021, 4:54 a.m.
  • Length: 12:30
Show
View Real Time Build Order
Export as new Build Order

ИИ 1 (новичок) Protoss 

Build Orders: 1 Gate Expand, Nexus First 

Get SALT Encoding   

  12  0:00  Probe  
  13  0:13  Probe  
  14  0:19  Pylon  
  14  0:42  Gateway  
  14  1:01  Nexus  
  14  1:19  Pylon  
  14  1:22  Zealot  
  14  1:23  Assimilator  
  16  1:34  Probe  
  16  1:36  Cybernetics Core  
  17  1:42  Probe  
  18  1:53  Probe  
  19  2:02  Probe  
  19  2:05  Assimilator  
  19  2:06  Stalker  
  20  2:10  Probe  
  20  2:11  Warp Gate  
  23  2:20  Probe  
  24  2:27  Probe  
  25  2:34  Probe  
  26  2:43  Probe  
  27  2:46  Pylon  
  27  2:50  Probe  
  28  2:57  Probe  
  29  3:04  Probe  
  30  3:09  Robotics Facility  
  30  3:11  Probe  
  31  3:18  Probe  
  32  3:25  Zealot, Probe  
  35  3:33  Probe  
  36  3:40  Probe  
  37  3:45  Assimilator  
  37  3:47  Probe  
  38  3:54  Probe  
  39  3:56  Observer  
  39  3:58  Assimilator  
  39  4:01  Probe  
  41  4:06  Probe  
  42  4:14  Probe  
  43  4:18  Observer  
  43  4:19  Probe  
  45  4:26  Probe  
  45  4:28  Pylon  
  46  4:36  Sentry  
  46  4:37  Probe  
  49  4:45  Probe  
  50  10:25  Warp Prism  
  52  10:28  Stalker  
  52  10:29  Gateway  
  52  10:32  Robotics Bay  
  52  10:33  Stargate  
  52  10:34  Pylon  
  54  10:48  Warp Prism  
  54  10:52  Stalker  
  50  11:04  Gravitic Boosters  
  50  11:16  Zealot  
  52  11:18  Gateway  
  52  11:19  Observer  
  53  11:29  Pylon  
  53  11:37  Nexus  
  53  11:39  Probe  
  45  11:40  Sentry  
  42  11:53  Probe  
  32  12:03  Sentry  
  32  12:04  Probe  
  16  12:24  Pylon  
Show
View Real Time Build Order
Export as new Build Order

Doll Zerg - Winner!

Build Orders: Hatch First 

Get SALT Encoding   

  12  0:00  Drone  
  13  0:14  Overlord  
  13  0:17  Drone  
  14  0:32  Drone  
  14  0:33  Drone  
  16  0:37  Drone  
  17  0:55  Hatchery  
  16  0:57  Drone  
  16  1:00  Drone  
  18  1:09  Drone  
  19  1:11  Extractor  
  18  1:19  Spawning Pool  
  18  1:22  Drone  
  18  1:30  Drone  
  19  1:41  Overlord  
  19  2:06  Queen, Zergling x4  
  19  2:07  Queen  
  19  2:08  Drone  
  26  2:13  Drone  
  27  2:19  Drone  
  28  2:24  Drone  
  28  2:29  Drone  
  30  2:34  Drone  
  31  2:39  Drone  
  31  2:40  Extractor  
  31  2:45  Drone  
  32  2:51  Drone  
  32  2:53  Hatchery  
  32  2:57  Drone  
  33  3:04  Drone  
  32  3:07  Zergling x2  
  32  3:10  Lair  
  33  3:15  Zergling x2  
  33  3:16  Roach Warren  
  33  3:19  Drone  
  34  3:23  Overlord  
  34  3:33  Spine Crawler  
  34  3:34  Overlord  
  33  3:44  Drone x2  
  33  3:45  Drone  
  33  3:47  Drone x2  
  38  3:49  Drone  
  39  3:57  Roach  
  39  3:58  Roach  
  39  4:01  Roach  
  45  4:04  Roach  
  45  4:07  Roach  
  49  4:11  Roach  
  49  4:14  Roach  
  49  4:16  Roach  
  55  4:20  Overlord  
  55  4:23  Drone  
  56  4:24  Drone  
  56  4:29  Glial Reconstitution  
  57  4:37  Hydralisk Den  
  56  4:39  Drone x3  
  56  4:40  Drone  
  56  4:42  Drone  
  56  4:44  Drone  
  62  4:47  Overlord  
  62  4:50  Roach  
  64  4:53  Roach  
  64  4:57  Overlord  
  66  5:06  Baneling Nest  
  66  5:07  Drone  
  66  5:10  Metabolic Boost  
  66  5:12  Hydralisk  
  66  5:13  Hydralisk  
  70  5:15  Hydralisk  
  70  5:18  Hydralisk  
  74  5:21  Hydralisk  
  74  5:24  Drone  
  74  5:25  Drone  
  74  5:27  Drone  
  79  5:28  Drone  
  79  5:32  Extractor  
  79  5:33  Extractor  
  78  5:36  Overlord  
  78  5:37  Overlord  
  78  5:43  Evolution Chamber  
  78  5:44  Evolution Chamber  
  78  5:47  Evolution Chamber  
  75  5:56  Drone x2, Infestation Pit  
  75  5:57  Drone x3  
  78  5:58  Drone  
  78  6:01  Drone  
  78  6:02  Drone  
  78  6:03  Drone  
  83  6:07  Pneumatized Carapace  
  83  6:11  Drone, Zergling x2  
  84  6:13  Zergling x2  
  84  6:15  Zergling x2  
  84  6:17  Zergling x2  
  88  6:22  Centrifical Hooks  
  88  6:29  Zerg Melee Weapons Level 1  
  88  6:31  Zerg Missile Weapons Level 1  
  88  6:34  Drone  
  88  6:35  Drone x2  
  88  6:37  Drone  
  88  6:38  Drone  
  93  6:44  Zerg Ground Armor Level 1  
  93  6:48  Drone x2  
  93  6:49  Drone  
  93  6:50  Drone  
  93  6:52  Overlord  
  97  6:58  Hive  
  97  7:06  Overlord  
  97  7:13  Overseer  
  97  7:15  Overseer  
  97  7:17  Roach x2  
  97  7:18  Roach  
  97  7:19  Roach  
  97  7:21  Hatchery  
  97  7:22  Overlord  
  104  7:24  Roach  
  104  7:26  Roach x2  
  104  7:28  Roach  
  112  7:31  Roach  
  114  7:40  Overlord  
  114  7:41  Drone  
  114  7:42  Drone x4  
  119  7:47  Overlord x2  
  119  7:51  Baneling x5  
  119  7:52  Baneling x5  
  119  7:53  Baneling  
  119  7:55  Baneling  
  119  7:59  Drone x2  
  119  8:00  Drone  
  119  8:01  Drone, Queen  
  119  8:02  Queen  
  119  8:04  Overlord  
  127  8:08  Roach  
  127  8:09  Roach  
  131  8:13  Infestor  
  131  8:15  Drone x2  
  131  8:16  Drone  
  131  8:18  Overlord  
  136  8:27  Drone  
  137  8:30  Drone  
  137  8:31  Drone, Hatchery  
  138  8:38  Infestor  
  138  8:41  Roach x3  
  146  8:42  Roach  
  146  8:43  Roach x2  
  146  8:46  Roach  
  154  8:51  Extractor  
  154  8:53  Extractor  
  152  8:58  Drone x4  
  156  9:07  Hydralisk x3  
  156  9:08  Extractor, Hydralisk x2  
  156  9:09  Overlord  
  165  9:11  Overlord  
  165  9:12  Extractor, Overlord  
  165  9:14  Overlord  
  164  9:20  Drone  
  165  9:27  Roach, Overlord  
  165  9:29  Roach  
  165  9:30  Infestor x2  
  173  9:33  Roach  
  173  9:34  Drone x3  
  173  9:35  Hatchery  
  177  9:38  Roach  
  177  9:39  Roach  
  177  9:45  Drone x3  
  184  9:46  Hydralisk  
  184  9:49  Overlord  
  186  9:54  Infestor  
  186  9:55  Infestor  
  186  9:56  Roach  
  186  9:57  Hydralisk  
  194  10:00  Hydralisk  
  194  10:03  Hydralisk  
  194  10:04  Hydralisk  
  200  10:45  Hatchery  
Tags
 
Add a new tag
Caveats
  • Supply blocks, unpowered buildings, or Contaminate may cause inaccurate times.
  • Supply counts are checked every 10 seconds.